 Dungeon Crawl Stone Soup version 0.20-a0-689-g860b9ab (webtiles) character file.

46 polly the Insei (level 3, -1/23 HPs)
             Began as an Octopode Transmuter on Feb 20, 2017.
             Slain by Terence
             ... wielding a +6 trident of venom
              (12 damage)
             ... on level 2 of the Dungeon.
             The game lasted 00:02:06 (1221 turns).

polly the Insei (Octopode Transmuter)               Turns: 1221, Time: 00:02:07

Health: -1/23      AC:  2    Str:  9    XL:     3   Next: 68%
Magic:  6/6        EV: 14    Int: 16    God:
Gold:   57         SH:  0    Dex: 12    Spells: 5/6 levels left

rFire    . . .     SeeInvis .     - Unarmed
rCold    . . .     Gourm    .   (no shield)
rNeg     . . .     Faith    .   j - +1 hat
rPois    .         Spirit   .   (no amulet)
rElec    .         Reflect  .   l - ring of stealth
rCorr    .         Harm     .   (no ring)
MR       .....                  (no ring)
Stlth    ++++......             (no ring)
Regen    0.1/turn               (no ring)
MPRegen  0.1/turn               (no ring)
                                (no ring)
                                (no ring)

@: lethally poisoned (-1 -> -15)
A: almost no armour, stealthy swim, amphibious, 8 rings, constrict 8, camouflage
1, gelatinous body 1
a: no special abilities


You were on level 2 of the Dungeon.
You were hungry.

You visited 1 branch of the dungeon, and saw 2 of its levels.

You collected 57 gold pieces.

Inventory:

Missiles
 a - 73 arrows
 i - 58 stones (quivered)
Armour
 j - a +1 hat (worn)
Jewellery
 l - a ring of stealth (left tentacle)
Scrolls
 e - a scroll of remove curse
 n - a scroll of amnesia {unknown}
Potions
 f - a potion of heal wounds
 g - a potion of curing {unknown}
 h - a potion of haste {unknown}
 k - a potion of mutation {unknown}
 m - a potion of might {unknown}
Books
 b - a book of Changes

   Spells                             Type                      Level
   a - Beastly Appendage              Transmutation                1
   b - Sticks to Snakes               Transmutation                2
   c - Spider Form                    Transmutation/Poison         3
   d - Ice Form                       Ice/Transmutation            4
   e - Blade Hands                    Transmutation                5
Comestibles
 c - a bread ration
 d - 3 royal jellies


   Skills:
 + Level 1.0 Fighting
 + Level 2.6 Dodging
 + Level 1.5 Stealth
 + Level 3.7 Unarmed Combat
 + Level 2.2 Spellcasting
 + Level 2.0 Transmutations


You had 5 spell levels left.
You knew the following spells:

 Your Spells              Type           Power        Failure   Level  Hunger
a - Beastly Appendage     Tmut           #.....       10%         1    #......


Dungeon Overview and Level Annotations

Branches:
Dungeon (2/15)

Altars:

Annotations:
D:2 Terence


Innate Abilities, Weirdness & Mutations

You cannot wear most types of armour.
You are very stealthy in the water. (Stealth+)
You are amphibious.
You can wear up to eight rings at the same time.
You can use your tentacles to constrict eight enemies at once.
Your skin changes colour to match your surroundings (Stealth+).
Your rubbery body absorbs attacks. (AC +1, EV +1)


Message History

Terence is wielding a trident of venom.
Terence closely misses you.
You tentacle-slap Terence. Your grab misses Terence.
Terence is moderately wounded.
Terence hits you with a trident of venom!
You are lethally poisoned!
You tentacle-slap Terence. You grab Terence.
Terence is moderately wounded.
You constrict Terence, but do no damage.
You feel sick. Terence completely misses you.
You tentacle-slap Terence but do no damage.
Terence is moderately wounded.
You constrict Terence, but do no damage.
You feel sick.
You tentacle-slap Terence.
Terence is heavily wounded.
You constrict Terence.
You feel sick.
Terence hits you with a trident of venom!
Ouch! That really hurt!
You die...

....###.##...#
##.....=.†...#
######.##..#######
#.##........#
#.###.#####.# ####
#.##....# .# ....
..##..#.###.#####.
####
####.##......<....
#. ####@....).. ..
#@.###### ..# #..#
####.# ##. #.s#
†....# #..# ######
#..# .... ####


You could see Terence and a giant cockroach (sleeping).

Vanquished Creatures
  An adder (D:2)
  A worm (D:2)
  A dart slug (D:1)
  2 giant cockroaches (D:1)
  2 goblins (D:1)
  3 hobgoblins (D:1)
  4 jackals (D:1)
  A quokka (D:2)
  A ball python (D:1)
  8 bats
  2 frilled lizards
  2 kobolds (D:1)
  4 rats
32 creatures vanquished.

Notes
Turn   | Place    | Note
-------+----------+-------------------------------------------
     0 | D:1      | polly the Octopode Transmuter began the quest for the Orb.
     0 | D:1      | Reached XP level 1. HP: 13/13 MP: 3/3
   216 | D:1      | Reached XP level 2. HP: 18/18 MP: 5/5
   650 | D:1      | Reached XP level 3. HP: 23/23 MP: 6/6
   655 | D:1      | Reached skill level 1 in Stealth
  1216 | D:2      | Noticed Terence
  1221 | D:2      | Slain by Terence

Vault maps used:
D:1:      lemuel_arrival_broad_hall, st_stairs_14, minivault_27,
          minmay_misc_feat_square, roderic_serpentine_path
D:2:      old_standard_altar, hangedman_abyss_or_decor_stabs, uniq_terence,
          uniq_natasha

Skill      XL: |  1  2  3 |
---------------+----------+-----
Stealth        | 1 |  1.5
Fighting       | |  1.0
Dodging        | |  2.6
Unarmed Combat | |  3.7
Spellcasting   | |  2.2
Transmutations | |  2.0

Action                   || total
-------------------------++-------
Melee: Unarmed           ||    91
       Constrict         ||    21
       Tentacles         ||     8
       Punch             ||     1
  Use: Scroll            ||     1
       Potion            ||     1
 Stab: Sleeping          ||     7
Armor: Skin              ||    16
Dodge: Dodged            ||    75
